 Dungeon Crawl Stone Soup version 0.31.0-11-ge490571c62 (webtiles) character file.

Game seed: 3757501036637870589

143110 Ofeo the Tortoise (level 16, -3/157 HPs)
             Began as a Minotaur Berserker on Feb 3, 2024.
             Was a High Priest of Trog.
             Succumbed to an emperor scorpion's poison
             ... on level 4 of the Spider Nest.
             The game lasted 00:24:13 (20063 turns).

Ofeo the Tortoise (Minotaur Berserker)             Turns: 20063, Time: 00:24:14

Health: -3/157     AC: 20    Str: 27 (33) XL:     16   Next: 52%
Magic:  15/15      EV: 12    Int:  0 (6)  God:    Trog [*****.]
Gold:   1143       SH:  0    Dex:  6 (10) Spells: 15/15 levels left

rFire   + . .        z - +3 broad axe (drain)
rCold   . . .        (no shield)
rNeg    + . .        k - +0 chain mail
rPois   .            d - +0 hat
rElec   +            J - scarf of Yredelemnul's Pride {+Inv, Str+4 Int+2 Dex+3 Slay+3}
rCorr   .            V - +1 pair of gloves
SInv    +            s - +1 pair of boots
Will    +....        g - amulet of regeneration Stlth
                     T - ring of see invisible
HPRegen 1.26/turn    P - ring "Lant" {rElec rF+ rN+ Dex-4}
MPRegen 0.14/turn

%: no passive effects
@: lethally poisoned (-3 -> -39), on berserk cooldown, slowed, lost
intelligence, studying Armour, unable to read, very slow
A: horns 2, retaliatory headbutt, screaming 1, noise suppression
}: 1/15 runes: gossamer
a: Renounce Religion, Evoke Invisibility, Berserk, Trog's Hand, Brothers in Arms


You were on level 4 of the Spider Nest.
You worshipped Trog.
Trog was extremely pleased with you.
You visited 3 branches of the dungeon, and saw 19 of its levels.

You collected 1143 gold pieces.

Inventory:

Hand Weapons
 a - a +0 great mace
 b - a +4 antimagic battleaxe
 z - a +3 broad axe of draining (weapon)
 E - a +0 hand axe
 G - a +4 heavy battleaxe
Missiles
 C - 10 javelins (quivered)
Armour
 d - a +0 hat (worn)
 k - a +0 chain mail (worn)
 p - the +2 ratskin cloak {*Rats rPois rN+ Str-1 Int-1 Dex+1}
   (You found it on level 5 of the Dungeon)

   *Rats:     When the wearer is hurt, rats may emerge from it to assist them.
   Str-1:     It affects your strength (-1).
   Int-1:     It affects your intelligence (-1).
   Dex+1:     It affects your dexterity (+1).
   rPois:     It protects you from poison rN+: It protects you from negative
   energy.
 s - a +1 pair of boots (worn)
 D - the scarf of Peprust {rC+ rF+, -Cast +Inv Str+6}
   (You acquired it on level 5 of the Lair of Beasts)

   Str+6:     It affects your strength (+6).
   +Inv:      It lets you turn invisible.
   -Cast:     It prevents spellcasting.
 J - the scarf of Yredelemnul's Pride (worn) {+Inv, Str+4 Int+2 Dex+3 Slay+3}
   (You found it on level 4 of the Spider Nest)

   Str+4:     It affects your strength (+4).
   Int+2:     It affects your intelligence (+2).
   Dex+3:     It affects your dexterity (+3).
   Slay+3:    It affects your accuracy & damage with ranged weapons and melee
   (+3).
 V - a +1 pair of gloves (worn)
Jewellery
 g - an amulet of regeneration (around neck)
 r - a ring of resist corrosion
 v - a ring of poison resistance
 w - a ring of willpower
 B - a +5 ring of evasion
 P - the ring "Lant" (right hand) {rElec rF+ rN+ Dex-4}
   (You found it on level 5 of the Lair of Beasts)

   [ring of protection from fire]

   Dex-4:     It affects your dexterity (-4).
   rF+:       It protects you from fire.
   rElec:     It insulates you from electricity.
   rN+:       It protects you from negative energy.
 T - a ring of see invisible (left hand)
Wands
 n - a wand of roots (4)
 o - a wand of digging (9) {@v1}
 F - a wand of mindburst (10)
 M - a wand of flame (8)
Scrolls
 c - 6 scrolls of blinking {@r4}
 f - a scroll of vulnerability
 i - a scroll of identify {@r1}
 j - a scroll of teleportation {@r3}
 u - a scroll of silence
 y - 2 scrolls of immolation
 L - 2 scrolls of poison
 N - a scroll of revelation
 Q - a scroll of fear
 U - a scroll of enchant armour
 W - a scroll of butterflies
 X - a scroll of enchant weapon
Potions
 e - 3 potions of enlightenment
 h - 2 potions of heal wounds {@q2}
 l - a potion of cancellation
 m - a potion of might {@q4}
 q - 8 potions of curing {@q1}
 t - a potion of brilliance
 x - a potion of degeneration
 A - 5 potions of ambrosia
 H - a potion of attraction
 I - 4 potions of invisibility
 K - 3 potions of magic
 O - 2 potions of mutation
 R - a potion of berserk rage
 Y - a potion of lignification {unknown}
 Z - 2 potions of resistance {unknown}


   Skills:
 + Level 17.9 Fighting
 + Level 16.7 Axes
 + Level 18.7 Armour
 + Level 16.1 Dodging


You had 15 spell levels left.
You didn't know any spells.
Your spell library was empty.

Dungeon Overview and Level Annotations

Branches:
Dungeon (10/15)              Lair (5/5) D:10         Shoals (0/4) Lair:2
 Spider (4/4) Lair:2        Slime (0/5) Lair:4
 Temple: D:4-7          Orc: D:9-12

Altars:
Elyvilon
Fedhas
Hepliaklqana
Kikubaaqudgha
Makhleb
Nemelex Xobeh
Qazlal
Uskayaw
Vehumet
Wu Jian
Jiyva

Annotations:
D:5 1 runed translucent door, Crazy Yiuf
D:10 exclusion: statue
Lair:3 exclusion: oklob plant
Lair:4 exclusion: oklob plant


Innate Abilities, Weirdness & Mutations

You have a pair of horns on your head.
You reflexively headbutt those who attack you in melee.
You occasionally shout uncontrollably at your foes.
You passively dampen the noise of your surroundings.


Message History

You feel very sick.
The emperor scorpion closely misses you.
The emperor scorpion claws you.
* * * LOW HITPOINT WARNING * * *
The emperor scorpion completely misses you.
You take 10 damage, and have 47/235 hp.
You closely miss the emperor scorpion. You headbutt the emperor scorpion!
The emperor scorpion is severely wounded.
You feel very sick.
The emperor scorpion stings you but does no damage.
The emperor scorpion claws you.
* * * LOW HITPOINT WARNING * * *
The emperor scorpion barely misses you.
You take 6 damage, and have 41/235 hp.
You hit the emperor scorpion but do no damage.
The emperor scorpion is severely wounded.
You feel very sick. The emperor scorpion stings you!
* * * LOW HITPOINT WARNING * * *
You are lethally poisoned!
The emperor scorpion poisons you!
The emperor scorpion closely misses you.
The emperor scorpion claws you.
* * * LOW HITPOINT WARNING * * *
You take 13 damage, and have 28/235 hp.
You slash the emperor scorpion! You drain the emperor scorpion.
The emperor scorpion is almost dead.
You are no longer berserk.
You are exhausted.
You feel yourself slow down.
* * * LOW HITPOINT WARNING * * *
You feel extremely sick.
The emperor scorpion stings you but does no damage.
The emperor scorpion barely misses you. The emperor scorpion claws you.
* * * LOW HITPOINT WARNING * * *
You now have 8/157 hp.
You slice the emperor scorpion!!
You kill the emperor scorpion!
Trog accepts your kill.
You die...

≈....[.##≈..^.###......###..#..#
^...####≈≈..~^###.............##
#####≈≈≈≈....###~.........#.:.#
~†^~.....^..####.~≈.##.#.##^.##
.†.....~.#..^.#......#..#.####
####..####.........#.^...## #
#### ###..^.....#..#.# #######
##.........#..# ##..^..#
##..#@#.^^..<## ###### #...#^##
#(....†..###..###^#..# #..#..###
##.#..#...#.....#^.#..
......#.######..^..#^........#.#.
#.^......#.......#.#.^^#^..[#.#..
..#.......^.#.#......#^..##..^(..
..#....#..#...#.^#.#^#^#...#.##.#
.##....#.##...#).....##^.........
...##....#.#...#....#).#..##...##


There were no monsters in sight!

Vanquished Creatures
  7 emperor scorpions
  3 ghost moths (Spider:4)
  The ghost of Consumeair16 the Severer, a journeyman MiFi of Elyvilon (Spider:1)
  2 dire elephants (Lair:5)
  Josephine (Lair:4)
  2 entropy weavers (Spider:3)
  2 catoblepae
  4 hydras
  2 boulder beetles
  13 death yaks
  2 demonic crawlers
  Urug (Lair:2)
  Sonja (Lair:4)
  2 spectral death yaks (Lair:5)
  A skyshark (Lair:2)
  7 pharaoh ants
  A spectral anaconda (Lair:5)
  3 orb spiders (Spider:4)
  2 sun moths
  4 necromancers (Lair:5)
  4 steelbarb worms
  2 oklob plants (Lair:4)
  12 wolf spiders
  2 moths of wrath
  13 elephants
  5 black mambas
  A dire elephant zombie (Lair:5)
  2 torpor snails
  A dire elephant skeleton (Lair:5)
  19 cane toads
  9 komodo dragons
  2 trolls
  14 tarantellas
  2 hornets (D:9)
  10 blink frogs
  2 spectral elephants (Lair:5)
  15 culicivoras
  21 jumping spiders
  A shadow (D:10)
  3 wraiths
  17 yaks
  5 basilisks
  49 redbacks
  A death yak simulacrum (Lair:5)
  2 steam dragons
  Menkaure (D:6)
  An acid dragon (D:10)
  13 water moccasins
  3 ice beasts
  A black bear (Lair:3)
  5 orc warriors
  2 sky beasts
  3 centaurs
  An elephant zombie (Lair:5)
  16 wolves
  5 ogres
  11 bullfrogs
  Blork the orc (D:6)
  5 kobold brigands
  3 cane toad simulacra
  A scorpion (D:4)
  17 wights
  12 killer bees
  An elephant simulacrum (Lair:2)
  16 howler monkeys
  A bombardier beetle (D:4)
  6 electric eels
  3 lava snakes (Lair:3)
  8 hounds
  13 orc priests
  A jelly (D:5)
  2 iguanas
  4 gnoll boudas (D:6)
  2 sleepcaps
  Terence (D:2)
  Natasha (D:4)
  7 orc wizards
  6 hell rats (Lair:1)
  7 gnolls
  A river rat (D:10)
  An adder (D:3)
  2 white imps
  4 ufetubi
  3 ribbon worms
  2 dart slugs
  32 orcs
  7 ball pythons
  3 endoplasms
  A giant cockroach (D:1)
  10 hobgoblins
  4 jackals (D:1)
  6 quokkas
  6 bats
  5 frilled lizards
  4 goblins
  17 kobolds
  4 rats
567 creatures vanquished.

Vanquished Creatures (collateral kills)
  An emperor scorpion (Spider:4)
  A pharaoh ant (Spider:3)
  An obsidian statue (Lair:5)
  2 oklob plants (Lair:4)
  A tarantella (Spider:3)
  4 blink frogs
  A wraith (Lair:4)
  A culicivora (Spider:3)
  A basilisk (Lair:1)
  A yak (D:8)
  A redback (Spider:4)
  A gnoll sergeant (D:6)
16 creatures vanquished.

Vanquished Creatures (others)
  A tarantella (Spider:4)
  A lava snake (Lair:3)
  An orc (D:9)
3 creatures vanquished.

Grand Total: 586 creatures vanquished

Notes
Turn   | Place    | Note
-------+----------+-------------------------------------------
     0 | D:1      | Ofeo the Minotaur Berserker began the quest for the Orb.
     0 | D:1      | Reached XP level 1. HP: 19/19 MP: 0/0
   378 | D:1      | Reached XP level 2. HP: 24/27 MP: 1/1
   689 | D:2      | Reached ** piety under Trog
   690 | D:2      | Reached skill level 3 in Armour
   690 | D:2      | Reached XP level 3. HP: 33/33 MP: 2/2
   987 | D:2      | Noticed Terence
   994 | D:2      | Killed Terence
  1030 | D:3      | Found a blossoming altar of Fedhas.
  1128 | D:3      | Reached XP level 4. HP: 40/40 MP: 3/3
  1169 | D:3      | Reached skill level 5 in Axes
  1452 | D:3      | You fall into a shaft and drop 1 floor!
  1476 | D:4      | Reached XP level 5. HP: 11/46 MP: 4/4
  1566 | D:4      | Noticed a sky beast
  1596 | D:4      | Killed a sky beast
  1636 | D:4      | Reached XP level 6. HP: 44/52 MP: 5/5
  1756 | D:4      | Noticed Natasha
  1765 | D:4      | Killed Natasha
  1992 | D:5      | Entered Level 5 of the Dungeon
  2039 | D:5      | Noticed an ice beast
  2039 | D:5      | Found the +2 ratskin cloak {*Rats rPois rN+ Str-1 Int-1
                  | Dex+1}
  2049 | D:5      | Killed an ice beast
  2078 | D:5      | Reached XP level 7. HP: 33/59 MP: 6/6
  2080 | D:5      | Gained mutation: You occasionally shout uncontrollably at
                  | your foes. [potion of mutation]
  2080 | D:5      | Gained mutation: You passively dampen the noise of your
                  | surroundings. [potion of mutation]
  2420 | D:5      | Reached skill level 10 in Axes
  2449 | D:5      | Reached *** piety under Trog
  2821 | D:5      | Found a runed translucent door.
  2822 | D:5      | Noticed Crazy Yiuf
  3393 | D:6      | Reached XP level 8. HP: 66/66 MP: 7/7
  3652 | D:6      | Found a faded altar of an unknown god.
  3653 | D:6      | Found a hazy altar of Hepliaklqana.
  3653 | D:6      | Noticed Blork the orc
  3662 | D:6      | Killed Blork the orc
  4046 | D:6      | Noticed a troll
  4070 | D:6      | Killed a troll
  4083 | D:6      | Reached XP level 9. HP: 67/71 MP: 8/8
  4218 | D:6      | Reached **** piety under Trog
  4257 | D:6      | Reached skill level 4 in Armour
  4315 | D:6      | Reached skill level 5 in Fighting
  4572 | D:6      | Reached skill level 5 in Armour
  4770 | D:7      | Noticed Menkaure
  4782 | D:6      | Killed Menkaure
  4783 | D:6      | Reached skill level 5 in Dodging
  4894 | D:7      | Reached skill level 6 in Armour
  5072 | D:7      | Found an ancient bone altar of Kikubaaqudgha.
  5181 | D:7      | Reached XP level 10. HP: 81/86 MP: 9/9
  5302 | D:7      | Reached skill level 7 in Armour
  5440 | D:7      | Found a stormy altar of Qazlal.
  5557 | D:7      | Found a sparkling altar of Nemelex Xobeh.
  5558 | D:7      | Found a burning altar of Makhleb.
  5610 | D:8      | Identified the +0 trident "Poemiasu" {holy, *Rage rF+ Str-3
                  | Int+9}
  5881 | D:8      | Identified the +1 short sword of Wounding {antimagic, rC++
                  | Stlth-}
  6275 | D:8      | Found an ornate altar of the Wu Jian Council.
  6435 | D:8      | Reached skill level 8 in Armour
  6646 | D:9      | Reached ***** piety under Trog
  6878 | D:9      | Found Letoex's Antique Armour Shoppe.
  7348 | D:9      | Found a white marble altar of Elyvilon.
  7599 | D:10     | Entered Level 10 of the Dungeon
  7662 | D:10     | Found a radiant altar of Vehumet.
  7715 | D:10     | Noticed a death yak
  7716 | D:10     | Found a staircase to the Lair.
  7716 | D:10     | Noticed a death yak
  7716 | D:10     | Noticed a death yak
  7733 | D:10     | Killed a death yak
  7734 | D:10     | Reached skill level 9 in Armour
  7734 | D:10     | Reached XP level 11. HP: 72/97 MP: 10/10
  7741 | D:10     | Killed a death yak
  7746 | D:10     | Killed a death yak
  7747 | D:10     | Reached skill level 10 in Fighting
  8296 | D:10     | Noticed a +0 dagger
  8297 | D:10     | Noticed a +0 hand axe
  8298 | D:10     | Found a hide-covered altar of Uskayaw.
  8696 | Lair:1   | Entered Level 1 of the Lair of Beasts
  8739 | Lair:1   | Noticed a boulder beetle
  8760 | Lair:1   | Killed a boulder beetle
  8761 | Lair:1   | Reached skill level 10 in Armour
  9186 | Lair:1   | Reached skill level 10 in Dodging
  9225 | Lair:1   | Reached skill level 11 in Armour
  9941 | Lair:2   | Noticed Urug
  9956 | Lair:2   | Killed Urug
  9957 | Lair:2   | Reached XP level 12. HP: 69/112 MP: 11/11
 10004 | Lair:2   | Noticed a death yak
 10006 | Lair:2   | Noticed a death yak
 10006 | Lair:2   | Noticed a death yak
 10021 | Lair:2   | Killed a death yak
 10029 | Lair:2   | Killed a death yak
 10031 | Lair:2   | Killed a death yak
 10183 | Lair:2   | Reached skill level 12 in Armour
 10214 | Lair:2   | Received a gift from Trog
 10344 | Lair:2   | Found a staircase to the Shoals.
 10542 | Lair:2   | Found a frozen archway.
 10635 | Lair:2   | Found a hole to the Spider Nest.
 10908 | Lair:3   | Noticed a boulder beetle
 10917 | Lair:3   | Killed a boulder beetle
 11152 | Lair:3   | Reached skill level 13 in Armour
 11893 | Lair:3   | Reached XP level 13. HP: 110/123 MP: 12/12
 12531 | Lair:4   | Noticed Josephine
 12544 | Lair:4   | Killed Josephine
 12621 | Lair:4   | Reached ****** piety under Trog
 12625 | Lair:4   | Reached skill level 14 in Armour
 12895 | Lair:4   | Received a gift from Trog
 12895 | Lair:4   | Noticed Sonja
 12909 | Lair:4   | Killed Sonja
 13203 | Lair:4   | Found a viscous altar of Jiyva.
 13218 | Lair:4   | Found a staircase to the Slime Pits.
 13333 | Lair:5   | Entered Level 5 of the Lair of Beasts
 13395 | Lair:5   | Reached skill level 15 in Fighting
 13553 | Lair:5   | Noticed a dire elephant
 13602 | Lair:5   | Noticed a dire elephant
 13614 | Lair:5   | Killed a dire elephant
 13745 | Lair:5   | Reached skill level 15 in Armour
 14073 | Lair:5   | Reached XP level 14. HP: 117/135 MP: 13/13
 14337 | Lair:5   | Identified the ring "Lant" {rElec rF+ rN+ Dex-4}
 15082 | Lair:5   | Identified a scroll of acquirement
 15082 | Lair:5   | Acquired the scarf of Peprust {rC+ rF+, -Cast +Inv Str+6}
 15235 | Spider:1 | Entered Level 1 of the Spider Nest
 15295 | Spider:1 | Received a gift from Trog
 15870 | Spider:1 | Reached skill level 16 in Armour
 16303 | Spider:1 | Found a runed translucent door.
 16303 | Spider:1 | Noticed Consumeair16's ghost (journeyman MiFi)
 16438 | Spider:1 | Killed Consumeair16's ghost
 16439 | Spider:1 | Reached skill level 15 in Dodging
 16453 | Spider:1 | Acquired a manual of Armour
 17467 | Spider:4 | Entered Level 4 of the Spider Nest
 17769 | Spider:3 | Noticed an emperor scorpion
 17784 | Spider:3 | Killed an emperor scorpion
 17862 | Spider:3 | Reached skill level 17 in Armour
 18078 | Spider:3 | Reached XP level 15. HP: 84/147 MP: 14/14
 18096 | Spider:3 | Reached skill level 15 in Axes
 18096 | Spider:3 | Reached XP level 16. HP: 58/153 MP: 15/15
 18211 | Spider:3 | Identified the +2 spear "Vewihu" {pain, Dex+4}
 18665 | Spider:4 | Received a gift from Trog
 18884 | Spider:4 | Reached skill level 18 in Armour
 19168 | Spider:4 | Lost intelligence.
 19787 | Spider:4 | Lost intelligence.
 19885 | Spider:4 | Identified the scarf of Yredelemnul's Pride {+Inv, Str+4
                  | Int+2 Dex+3 Slay+3}
 19904 | Spider:4 | Got a gossamer rune of Zot
 20063 | Spider:4 | Succumbed to an emperor scorpion's poison

Illustrated notes

Levels and vault maps discovered:
D:1:      dpeg_arrival_water_fire, layout_loops_corners
D:2:      layout_loops_ring, uniq_terence
D:3:      layout_rooms, fedhas_altar_3
D:4:      layout_rooms, minmay_misc_feat_iff, kennysheep_another_room,
          uniq_natasha
D:5:      layout_loops_ring, uniq_crazy_yiuf_cottage
D:6:      lemuel_castle_with_subvaults [lemuel_castle_interior_carwin_3],
          layout_basic, mainiacjoe_overflow_brackets,
          beargit_hepliaklqana_dungeon_heroes, minmay_temple_entry_stoned_glass,
          uniq_blork_the_orc
D:7:      layout_gridville, kennysheep_mini_moat, lemuel_coloured_pillars_altar,
          minitemple, uniq_menkaure
D:8:      layout_loops_corners, nicolae_wu_jian_immortal_techniques
D:9:      layout_irregular_city, mainiacjoe_overflow_chevrons, serial_shops,
          shop
D:10:     layout_basic, dancing_weapons_uskayaw, vehumet_statue,
          dpeg_lair_monsters, dk_noncrumbling_4, nicolae_elevator_lobby_asterisk
Lair:1:   layout_regular_city, nzn_sisyphean_effort, infiniplex_staircase_pool,
          grunt_megastairs_4
Lair:2:   layout_roguey, elwin_shoals_entry_rocks, spider_nest_entry_a,
          portal_ice_cave_entry_ice_simulacra, serial_bayou_shore_a, uniq_urug
Lair:3:   minmay_lair_oklob_chamber, layout_chaotic_city,
          nicolae_lair_liquid_snakes
Lair:4:   layout_misc_corridors, minmay_slime_entry_oklob_enclosed, uniq_sonja,
          uniq_josephine
Lair:5:   due_jungle_book, layout_cave_pods
Spider:1: layout_spider_delve, hellmonk_ghost_happy_afterlife
Spider:2: layout_spider_delve, hellmonk_test_site,
          hangedman_spider_tarantella_strand
Spider:3: layout_cave_pods
Spider:4: grunt_spider_rune_circles, drop_trap

Skill      XL: |  1  2  3  4  5  6  7  8  9 10 11 12 13 14 15 16 |
---------------+-------------------------------------------------+-----
Axes           | 4 6 7 9 11 13 14 15 16 | 16.7
Fighting       | 4 7 9 11 13 15 17 | 17.9
Armour         | 3 6 9 11 13 15 17 18 | 18.7
Dodging        | 5 8 10 12 14 15 16 | 16.1

Action                     |  1- 3 |  4- 6 |  7- 9 | 10-12 | 13-15 | 16-18 || total
---------------------------+-------+-------+-------+-------+-------+-------++-------
  Melee: Hand axe          |    73 |   125 |   325 |       |       |       ||   523
         Headbutt          |     7 |    17 |    55 |   135 |   162 |    53 ||   429
         Punch             |       |     2 |     7 |     7 |    11 |     5 ||    32
         War axe           |       |       |    40 |   572 |   360 |       ||   972
         Great mace        |       |       |       |       |     8 |       ||     8
         Broad axe         |       |       |       |       |   236 |   249 ||   485
 Invoke: Berserk           |     1 |     3 |     6 |     6 |     7 |     3 ||    26
         Trog's Hand       |       |       |     1 |     1 |     1 |       ||     3
         Brothers in Arms  |       |       |       |       |     3 |     1 ||     4
  Evoke: Wand              |       |       |       |       |     1 |     7 ||     8
    Use: Scroll            |       |       |    15 |     5 |    13 |     1 ||    34
         Potion            |       |       |     3 |     1 |     8 |     1 ||    13
   Stab: Invisible         |       |       |     5 |       |       |       ||     5
         Distracted        |       |       |       |     1 |     3 |     2 ||     6
         Petrified         |       |       |       |       |     3 |       ||     3
         Petrifying        |       |       |       |       |     1 |       ||     1
 Armour: Animal skin       |    44 |       |       |       |       |       ||    44
         Scale mail        |       |    84 |    39 |       |       |       ||   123
         Chain mail        |       |       |   177 |   390 |   580 |   458 ||  1605
  Dodge: Dodged            |    55 |    42 |   154 |   360 |   605 |   300 ||  1516
